 Dungeon Crawl Stone Soup version 0.22-a0-542-gce4f928 (webtiles) character file.

5428 tamionv the Basher (level 10, -5/60 HPs)
             Began as a Gargoyle Fighter on June 24, 2018.
             Was a High Priest of Makhleb.
             Splashed by an orc warrior's acid (14 damage)
             ... on level 8 of the Dungeon on June 25, 2018.
             The game lasted 00:16:38 (9750 turns).

tamionv the Basher (Gargoyle Fighter)               Turns: 9750, Time: 00:16:38

Health: -5/60      AC: 15    Str: 23    XL:     10   Next: 67%
Magic:  13/13      EV:  6    Int:  9    God:    Makhleb [*****.]
Gold:   241        SH: 11    Dex:  9    Spells: 9/9 levels left

rFire    . . .     SeeInvis .   j - +2 whip (flame)
rCold    . . .     Gourm    .   c - +1 shield
rNeg     + . .     Faith    .   p - +0 plate armour
rPois    ∞         Spirit   .   (no helmet)
rElec    +         Reflect  .   g - +0 cloak
rCorr    .         Harm     .   D - +0 pair of gloves
MR       .....                  b - +0 pair of boots
Stlth    ..........             (no amulet)
HPRegen  0.20/turn              (no ring)
MPRegen  0.13/turn              (no ring)

@: corroded
A: negative energy resistance 1, electricity resistance, unbreathing,
petrification resistance, rot immunity, AC +7
a: Minor Destruction, Lesser Servant of Makhleb, Major Destruction, Greater
Servant of Makhleb, Renounce Religion


You were on level 8 of the Dungeon.
You worshipped Makhleb.
Makhleb was extremely pleased with you.
You were hungry.

You visited 1 branch of the dungeon, and saw 9 of its levels.
You also visited: Ossuary.

You collected 351 gold pieces.
You spent 110 gold pieces at shops.

Inventory:

Hand Weapons
 j - a +2 whip of flaming (weapon)
Missiles
 r - 197 stones (quivered)
Armour
 b - a +0 pair of boots (worn)
 c - a +1 shield (worn)
 g - a +0 cloak (worn)
 p - a +0 plate armour (worn)
 D - a +0 pair of gloves (worn)
Jewellery
 E - an uncursed ring of ice {unknown}
Wands
 s - a wand of random effects (13)
 x - a wand of digging (14)
 y - a wand of acid (7)
Scrolls
 a - a scroll of enchant armour
 h - 3 scrolls of remove curse
 k - 6 scrolls of identify
 o - 2 scrolls of teleportation
 q - 5 scrolls of amnesia
 v - 2 scrolls of blinking
 B - 2 scrolls of fog
 G - a scroll of fear {unknown}
 H - a scroll of magic mapping
Potions
 d - 3 potions of might
 e - a potion of agility
 i - 2 potions of degeneration
 l - a potion of cancellation
 m - a potion of berserk rage
 t - 2 potions of resistance
 u - 2 potions of flight
 w - a potion of brilliance
 z - 3 potions of curing
 A - 3 potions of mutation
 C - a potion of lignification {unknown}
Comestibles
 f - 11 rations


   Skills:
 + Level 5.7 Fighting
 * Level 12.0 Maces & Flails
 + Level 5.7 Armour
 + Level 3.4 Dodging
 + Level 5.8 Shields
 + Level 4.5 Invocations


You had 9 spell levels left.
You didn't know any spells.
Your spell library was empty.

Dungeon Overview and Level Annotations

Branches:
Dungeon (9/15)             Temple (0/1) D:7            Lair (0/6) D:9
    Orc: D:9-12

Altars:
Cheibriados
Elyvilon
Fedhas
Makhleb
Nemelex Xobeh
Uskayaw
Vehumet
Wu Jian

Shops:
D:4 [   D:5 !(


Innate Abilities, Weirdness & Mutations

You are resistant to torment.
Your stone body is resilient. (AC +7)
You are immune to poison.
You resist negative energy. (rN+)
You are resistant to electric shocks. (rElec)
You can survive without breathing.
You are immune to petrification.
You are immune to rotting.


Message History

The orc warrior is heavily wounded.
You hit the orc warrior but do no damage.
The orc warrior is heavily wounded.
You hit the orc warrior but do no damage.
The orc warrior is heavily wounded.
The orc warrior hits you with a glaive!
You hit the orc warrior. You burn the orc warrior.
The orc warrior is almost dead.
You hit the orc warrior. You burn the orc warrior.
The orc warrior is almost dead.
The orc warrior zaps a wand.
The bolt of acid hits you! The acid corrodes you!
You are splashed with acid!
The acid burns!
* * * LOW HITPOINT WARNING * * *
You hit the orc warrior but do no damage.
The orc warrior is almost dead.
You hit the orc warrior but do no damage.
The orc warrior is almost dead.
The orc warrior zaps a wand.
The bolt of acid hits you!
You are splashed with acid!
The acid burns!
You die...

.##.#####.# #.#
##'## .##.......#
####.# #.#
.........## #(^..#
#####.## ######.###
#.#### #.<....# #.#
#.# #.##...##
######.# #.#
##.#.....##
.......# #.#
#...#......
########
#.#######.......###
# #.@o........###.#
##########.####)#
#......# ########


You could see an orc warrior.

Vanquished Creatures
  Pikel (D:5)
  A troll (D:9)
  A hornet (D:9)
  A hippogriff (D:8)
  A wyvern (D:8)
  4 yaks (D:9)
  Edmund (D:5)
  A water moccasin (D:7)
  3 ice beasts
  2 orc warriors (D:9)
  A phantom (D:7)
  A hornet zombie (D:5)
  3 ogres
  3 centaurs
  3 elf zombies (Ossuary)
  3 bullfrogs
  3 elf skeletons (D:6)
  A scorpion (D:4)
  6 killer bees (D:8)
  A howler monkey (D:4)
  6 crimson imps
  3 jellies
  A bullfrog skeleton (D:8)
  A bullfrog zombie (D:7)
  A centaur skeleton (D:7)
  An orc priest (D:9)
  3 hounds
  2 human zombies
  Crazy Yiuf (D:4)
  5 orc wizards
  Natasha (thrice) (D:3)
  2 iguanas
  7 worker ants
  A big kobold zombie (Ossuary)
  3 hound skeletons
  2 mummies (Ossuary)
  3 gnolls (D:7)
  A howler monkey skeleton (D:6)
  6 adders
  2 river rats (D:6)
  An ooze (D:5)
  3 adder zombies
  4 worms
  A dart slug (D:2)
  5 leopard geckos
  33 orcs
  6 giant cockroaches
  8 hobgoblins
  4 kobolds
  3 quokkas
  4 ball pythons
  8 bats
  6 frilled lizards
  7 goblins
  A goblin zombie (Ossuary)
  14 hobgoblin zombies (Ossuary)
  2 jackal skeletons
  2 jackal zombies
  11 kobold zombies (Ossuary)
  2 orc skeletons (D:6)
  4 orc zombies (Ossuary)
  11 rats
235 creatures vanquished.

Vanquished Creatures (others)
  An adder skeleton (D:5)
1 creature vanquished.

Grand Total: 236 creatures vanquished

Notes
Turn   | Place    | Note
-------+----------+-------------------------------------------
     0 | D:1      | tamionv the Gargoyle Fighter began the quest for the Orb.
     0 | D:1      | Reached XP level 1. HP: 14/14 MP: 1/1
    96 | D:1      | Reached XP level 2. HP: 11/19 MP: 2/2
   423 | D:1      | Reached skill level 3 in Maces & Flails
  1086 | D:2      | Reached XP level 3. HP: 23/23 MP: 3/3
  1167 | D:2      | Found a burning altar of Makhleb.
  1313 | D:2      | Became a worshipper of Makhleb the Destroyer
  1357 | D:2      | Reached skill level 4 in Maces & Flails
  1507 | D:2      | Reached XP level 4. HP: 28/28 MP: 4/4
  1703 | D:2      | Reached * piety under Makhleb
  1959 | D:3      | Noticed Natasha
  1966 | D:3      | Killed Natasha
  2174 | D:3      | Reached skill level 5 in Maces & Flails
  2191 | D:3      | Noticed Natasha
  2200 | D:3      | Killed Natasha
  2200 | D:3      | Reached XP level 5. HP: 28/32 MP: 5/5
  2292 | D:3      | Found a hide-covered altar of Uskayaw.
  2294 | D:3      | Noticed a dagger
  2294 | D:3      | Noticed a dagger
  2457 | D:3      | Found a snail-covered altar of Cheibriados.
  2457 | D:3      | Found an ornate altar of the Wu Jian Council.
  2511 | D:3      | You fall through a shaft for 2 floors!
  2511 | D:5      | Entered Level 5 of the Dungeon
  2674 | D:5      | Reached skill level 6 in Maces & Flails
  2674 | D:5      | Reached XP level 6. HP: 29/37 MP: 6/6
  2896 | D:5      | Noticed a slave
  2896 | D:5      | Noticed a slave
  3156 | D:4      | Found Ciher's Armour Boutique.
  3250 | D:4      | Reached skill level 7 in Maces & Flails
  3377 | D:3      | Found a blossoming altar of Fedhas.
  3378 | D:3      | Found a radiant altar of Vehumet.
  3410 | D:3      | Noticed Natasha
  3424 | D:3      | Killed Natasha
  3520 | D:4      | Reached XP level 7. HP: 41/41 MP: 7/7
  4009 | D:4      | Found a runed door.
  4079 | D:4      | Noticed Crazy Yiuf
  4084 | D:4      | Killed Crazy Yiuf
  4084 | D:4      | Reached skill level 8 in Maces & Flails
  4340 | D:5      | Noticed Pikel
  4391 | D:5      | Killed Pikel
  4391 | D:5      | Reached skill level 9 in Maces & Flails
  4391 | D:5      | Reached XP level 8. HP: 37/46 MP: 8/8
  4553 | D:5      | Found Vecil's Distillery.
  4567 | D:5      | Reached skill level 10 in Maces & Flails
  4572 | D:5      | Bought a potion of berserk rage for 55 gold pieces
  4572 | D:5      | Bought a potion of heal wounds for 55 gold pieces
  4575 | D:5      | Noticed Edmund
  4585 | D:5      | Killed Edmund
  4585 | D:5      | Reached ** piety under Makhleb
  4693 | D:5      | Found Xeaweadi's Antique Weapon Emporium.
  4886 | D:5      | Found a sparkling altar of Nemelex Xobeh.
  5502 | D:6      | Found a sand-covered staircase.
  5514 | D:6      | Reached skill level 1 in Invocations
  5514 | D:6      | Reached XP level 9. HP: 51/51 MP: 9/9
  5517 | Ossuary  | Entered an ossuary
  5661 | Ossuary  | Reached *** piety under Makhleb
  5661 | Ossuary  | Reached skill level 1 in Dodging
  5797 | Ossuary  | Reached skill level 11 in Maces & Flails
  6392 | D:7      | Found a white marble altar of Elyvilon.
  6720 | D:7      | Reached **** piety under Makhleb
  6859 | D:7      | Found a staircase to the Ecumenical Temple.
  7761 | D:8      | Reached skill level 5 in Armour
  7761 | D:8      | Reached skill level 5 in Shields
  7761 | D:8      | Reached XP level 10. HP: 58/58 MP: 12/12
  7792 | D:8      | Reached skill level 5 in Fighting
  7941 | D:8      | Noticed a two-headed ogre
  7973 | D:7      | Noticed a rust devil
  7973 | D:7      | Noticed a rust devil
  9212 | D:9      | Found a staircase to the Lair.
  9275 | D:9      | Reached skill level 12 in Maces & Flails
  9475 | D:9      | Reached ***** piety under Makhleb
  9750 | D:8      | Splashed by an orc warrior's acid

Vault maps used:
D:1:      eino_arrival_tree_alley
D:2:      lemuel_doored_altar, serial_bayou_ford_a
D:3:      gammafunk_temple_overflow_pools, gammafunk_temple_overflow_wave,
          dancing_weapons_uskayaw, serial_corexii_hall, corexii_hall_statues_i,
          corexii_hall_statues_i, uniq_natasha
D:4:      serial_shops, kennysheep_mini, uniq_crazy_yiuf_cottage
D:5:      first_ration, serial_shops, nicolae_shop_stone, nicolae_shop_stone,
          nemelex_dance_club_becter, uniq_pikel, uniq_edmund
D:6:      portal_sewer_entry_e, nicolae_ossuary_entry_catacombs,
          kennysheep_generic_room_15
D:7:      cheibrodos_iron_armory, temple_fountains, basic_altar
D:9:      lair_entry_dummy, erik_orc_2
Ossuary:  ossuary_tomb_1

Skill      XL: |  1  2  3  4  5  6  7  8  9 10 |
---------------+-------------------------------+-----
Maces & Flails | 3 4 5 6 7 9 10 11 12 | 12.0
Invocations    | 1 3 4 |  4.5
Dodging        | 2 3 |  3.4
Fighting       | 4 5 |  5.7
Armour         | 5 |  5.7
Shields        | 5 |  5.8

Action                   |  1- 3 |  4- 6 |  7- 9 | 10-12 || total
-------------------------+-------+-------+-------+-------++-------
Melee: Flail             |   111 |   391 |    73 |       ||   575
       Whip              |       |       |   619 |   385 ||  1004
  Use: Scroll            |       |     6 |    11 |     2 ||    19
       Potion            |       |     1 |       |     2 ||     3
 Stab: Invisible         |       |       |       |     2 ||     2
  Eat: Chunk             |     2 |     8 |     7 |     6 ||    23
       Ration            |       |       |     2 |       ||     2
Armor: Scale mail        |    66 |       |       |       ||    66
       Plate armour      |       |   328 |   273 |   111 ||   712
Dodge: Dodged            |    33 |    47 |    59 |    48 ||   187
Block: Shield            |    49 |   214 |   222 |   118 ||   603

Table legend:
 A = Spawn XP
 B = Non-spawn XP
 C = Spawn XP percentage of total XP
 D = Spawn monster count
 E = Non-spawn monster count
 F = Spawn count percentage of total count
 G = Total turns spent on level
                    A         B        C        D         E        F      G
               +---------+---------+-------+---------+---------+-------+---------
         Total |       0 |    7755 |   0.0 |       0 |     235 |   0.0 |  9750
               +---------+---------+-------+---------+---------+-------+---------
           D:1 |       0 |      21 |   0.0 |       0 |      12 |   0.0 |   941
           D:2 |       0 |      79 |   0.0 |       0 |      28 |   0.0 |  1042
           D:3 |       0 |     220 |   0.0 |       0 |      31 |   0.0 |   777
           D:4 |       0 |     409 |   0.0 |       0 |      17 |   0.0 |   980
           D:5 |       0 |    1330 |   0.0 |       0 |      18 |   0.0 |  1267
           D:6 |       0 |     581 |   0.0 |       0 |      21 |   0.0 |   893
           D:7 |       0 |    1239 |   0.0 |       0 |      25 |   0.0 |  1234
           D:8 |       0 |    1483 |   0.0 |       0 |      21 |   0.0 |  1616
           D:9 |       0 |    1969 |   0.0 |       0 |      23 |   0.0 |   510
       Ossuary |       0 |     424 |   0.0 |       0 |      39 |   0.0 |   490
               +---------+---------+-------+---------+---------+-------+---------
